AoeStats
← MFL91

Oasis

509689093Analyzed
4v4 RM · 6d ago on Sep 27, 2026· 26m 42s· 8 players
Game mode
Random Map
Map size
Large (8 player)
Population
200
Speed
Normal
Resources
Standard
Victory
Conquest
Starting age
Dark Age
Ending age
Imperial Age
RankedLock teamsTeams togetherTeam positionsShared explorationLock speedFull tech treeHidden civsTurbo modeCheats
Victory
Defeat
🇨🇿 Saracens · Czechia
1672
+8
🇨🇿 Mongols · Czechia
1494
+14
🇨🇿 Maya · Czechia
1364
+18
🇨🇿 Varangians · Czechia
1332
+20
🇩🇪 Wei · Germany
1527
-18
🇦🇪 Maya · United Arab Emirates
1425
-14
🇺🇸 Varangians · United States
1425
-14
1416
-14
ITA | CivettaAviotrasportata
9:45 Feudal Age
10:20 Double-Bit Axe
10:17 Horse Collar
14:58 Wheelbarrow
14:27 Gold Mining
15:25 Forging
chrizbee
6:43 Loom
9:01 Feudal Age
9:30 Double-Bit Axe
9:26 Horse Collar
brendan.killough
7:05 Loom
9:47 Feudal Age
13:52 Castle Age
11:56 Double-Bit Axe
21:21 Fletching
MFL91
0:26 Loom
9:13 Feudal Age
12:17 Horse Collar
Zajic.skakajici
5:49 Loom
9:08 Feudal Age
11:21 Double-Bit Axe
12:06 Horse Collar
15:13 Wheelbarrow
16:23 Bloodlines
22:44 Castle Age
21:01 Forging
24:56 Husbandry
gg_Danny
6:46 Loom
9:23 Feudal Age
11:40 Town Watch
12:57 Fletching
18:53 Double-Bit Axe
20:28 Horse Collar
25:04 Castle Age
gg_Karlinx
0:32 Loom
9:15 Feudal Age
10:20 Double-Bit Axe
15:36 Fletching
15:47 Padded Archer Armor
19:07 Gold Mining
18:59 Horse Collar
21:59 Castle Age
22:55 Wheelbarrow
22:02 Crossbowman
22:39 Bodkin Arrow
24:09 Ballistics
Venom_CZE
9:32 Feudal Age
10:27 Double-Bit Axe
10:27 Horse Collar
11:27 Loom
17:57 Castle Age
16:50 Bloodlines
18:38 Scale Barding Armor
19:27 Bow Saw
19:45 Chain Barding Armor
25:32 Stone Mining
26:17 Husbandry
Connection lost

Rejoining the realm…

Still unreachable

The connection could not be restored.

Session expired

The server has moved on; the page needs a fresh start.